 Dungeon Crawl Stone Soup version 0.31.0-32-g396128a36d (webtiles) character file.

Game seed: 6829754469253788246

3135 Janerl the Cleaver (level 9, -6/81 HPs)
             Began as a Minotaur Berserker on Apr 19, 2024.
             Was a Priest of Trog.
             Mangled by a komodo dragon (27 damage)
             ... on level 8 of the Dungeon.
             The game lasted 00:15:13 (5665 turns).

Janerl the Cleaver (Minotaur Berserker)             Turns: 5665, Time: 00:15:14

Health: -6/81      AC:  9    Str: 25    XL:     9   Next: 61%
Magic:  8/8        EV: 13    Int:  6    God:    Trog [***...]
Gold:   300        SH:  0    Dex:  9    Spells: 8/8 levels left

rFire   . . .        a - +0 hand axe
rCold   . . .        (no shield)
rNeg    . . .        C - +0 acid dragon scales
rPois   .            (helmet restricted)
rElec   .            r - +0 cloak
rCorr   +            (no gloves)
SInv    .            (no boots)
Will    .....        (no amulet)
Stlth   +            (no ring)
HPRegen 0.33/turn    (no ring)
MPRegen 0.11/turn

%: no passive effects
@: on berserk cooldown, slowed, very slow
A: horns 2, retaliatory headbutt
a: Renounce Religion, Berserk, Trog's Hand


You were on level 8 of the Dungeon.
You worshipped Trog.
Trog was most pleased with you.
You visited 1 branch of the dungeon, and saw 8 of its levels.

You collected 355 gold pieces.
You spent 55 gold pieces at shops.

Inventory:

Hand Weapons
 a - a +0 hand axe (weapon)
Missiles
 b - 4 silver javelins
 l - 15 boomerangs (quivered)
Armour
 f - a +0 ring mail
 r - a +0 cloak (worn)
 C - +0 acid dragon scales (worn)
Jewellery
 w - a ring of positive energy
Wands
 y - a wand of polymorph (10)
 B - a wand of charming (23)
Scrolls
 c - 2 scrolls of brand weapon {unknown}
 e - a scroll of blinking {unknown}
 h - 4 scrolls of amnesia {unknown}
 i - 2 scrolls of enchant weapon {unknown}
 j - a scroll of enchant armour {unknown}
 k - 9 scrolls of identify {unknown}
 n - 3 scrolls of revelation {unknown}
 o - 2 scrolls of immolation {unknown}
 q - a scroll of silence {unknown}
 t - 2 scrolls of vulnerability {unknown}
 x - 3 scrolls of teleportation {unknown}
Potions
 d - 2 potions of degeneration {unknown}
 g - 5 potions of curing {unknown}
 m - 2 potions of might {unknown}
 s - a potion of cancellation {unknown}
 u - 2 potions of magic {unknown}
 v - a potion of brilliance {unknown}
 z - 2 potions of attraction {unknown}
 A - a potion of lignification {unknown}


   Skills:
 + Level 7.8 Fighting
 + Level 8.8 Axes
 + Level 6.1 Throwing
 + Level 7.7 Armour
 + Level 5.9 Dodging
 + Level 1.1 Stealth


You had 8 spell levels left.
You didn't know any spells.
Your spell library was empty.

Dungeon Overview and Level Annotations

Branches:
Dungeon (8/15)             Temple (0/1) D:7
   Lair: D:8-11

Altars:

Shops:
D:4 !   D:7 =

Annotations:
D:6 3 runed translucent doors, TacoSundae's ghost, novice GnFi


Innate Abilities, Weirdness & Mutations

You have a pair of horns on your head.
You reflexively headbutt those who attack you in melee.


Message History

Trog accepts your kill. The yak gores you!
You hit the yak but do no damage. You headbutt the yak.
The yak is lightly wounded.
The yak gores you!
* * * LOW HITPOINT WARNING * * *
You hit the yak.
The yak is lightly wounded.
The yak gores you!
* * * LOW HITPOINT WARNING * * *
You feel much better. The yak gores you but does no damage.
The yak closely misses you.
You barely miss the yak. You headbutt the yak!
The yak is moderately wounded.
The yak closely misses you.
You hit the yak. Your headbutt misses the yak.
The yak is heavily wounded.
The yak gores you.
You barely miss the yak. You headbutt the yak.
The yak is heavily wounded.
The yak barely misses you.
Unknown command.
You hit the yak. You headbutt the yak!
The yak is almost dead.
The yak closely misses you. The yak barely misses you.
You hit the yak.
You kill the yak!
Trog accepts your kill.
You closely miss the komodo dragon. The komodo dragon bites you!
The komodo dragon bites you!!
* * * LOW HITPOINT WARNING * * *
You feel much better. The komodo dragon bites you!!
* * * LOW HITPOINT WARNING * * *
You don't know any spells.
You don't know any spells.
Aiming: Charm
Press: ? - help, Shift-Dir - straight line, f - komodo dragon
Aim: a komodo dragon (chance to affect: 31%)
The komodo dragon easily resists.
The komodo dragon bites you!!
You die...

...#.......###
.............##+##.
......#.##.........
....#............
.........(.....
#...##....##..
..##.##..##.....#...
.....$...l†..........
.......###@..........
....... #.....#.#...
......# #....#### .#
...... ###....# #
.......##......#
#.####.........# #.
#.....#....#
#..##.###†.##
..........#..##.###


You could see a komodo dragon.

Vanquished Creatures
  6 yaks (D:8)
  A wyvern (D:7)
  An acid dragon (D:8)
  Menkaure (D:7)
  An ice beast (D:6)
  2 sky beasts
  An orc warrior (D:7)
  2 black bears
  2 ogres
  A centaur (D:7)
  2 phantoms
  A bullfrog (D:7)
  3 scorpions
  3 wights (D:6)
  2 hounds (D:6)
  A jelly (D:7)
  An orc priest (D:6)
  2 gnoll boudas (D:7)
  A sleepcap (D:5)
  An orc wizard (D:6)
  3 iguanas
  5 adders
  9 gnolls (D:7)
  2 white imps (D:5)
  2 ufetubi (D:6)
  10 dart slugs
  A ribbon worm (D:3)
  8 orcs
  7 ball pythons
  7 endoplasms
  2 goblins (D:1)
  8 hobgoblins
  6 kobolds
  4 quokkas
  2 bats (D:1)
  6 rats
117 creatures vanquished.

Notes
Turn   | Place    | Note
-------+----------+-------------------------------------------
     0 | D:1      | Janerl the Minotaur Berserker began the quest for the Orb.
     0 | D:1      | Reached XP level 1. HP: 19/19 MP: 0/0
   104 | D:1      | Reached skill level 4 in Axes
   104 | D:1      | Reached XP level 2. HP: 26/27 MP: 1/1
   413 | D:1      | Reached XP level 3. HP: 30/33 MP: 2/2
   426 | D:1      | Reached ** piety under Trog
   853 | D:2      | Found a faded altar of an unknown god.
  1312 | D:3      | Reached XP level 4. HP: 41/41 MP: 3/3
  1807 | D:4      | Found Firchev's Distillery.
  1812 | D:4      | Bought a potion of heal wounds for 55 gold pieces
  1953 | D:4      | Noticed a phantom
  1961 | D:4      | Killed a phantom
  1962 | D:4      | Reached skill level 5 in Axes
  1962 | D:4      | Reached skill level 1 in Throwing
  1962 | D:4      | Reached XP level 5. HP: 43/47 MP: 4/4
  2364 | D:5      | Entered Level 5 of the Dungeon
  2418 | D:5      | Reached XP level 6. HP: 55/55 MP: 5/5
  2943 | D:5      | Reached skill level 5 in Fighting
  3267 | D:5      | Reached XP level 7. HP: 15/61 MP: 6/6
  3537 | D:6      | Reached skill level 6 in Axes
  3670 | D:6      | Reached *** piety under Trog
  3695 | D:6      | Reached skill level 5 in Throwing
  3695 | D:6      | Reached skill level 5 in Armour
  3704 | D:6      | Reached XP level 8. HP: 43/69 MP: 7/7
  4113 | D:6      | Found a runed translucent gate.
  4113 | D:6      | Found a runed translucent gate.
  4115 | D:6      | Noticed TacoSundae's ghost (novice GnFi)
  4115 | D:6      | Noticed a spectral unseen horror
  4117 | D:6      | Found a runed translucent gate.
  4288 | D:7      | Noticed Menkaure
  4455 | D:7      | Reached skill level 7 in Axes
  4724 | D:7      | Found a staircase to the Ecumenical Temple.
  4797 | D:7      | Found Dupem's Jewellery Shop.
  4818 | D:7      | Reached skill level 5 in Dodging
  4857 | D:7      | Killed Menkaure
  5277 | D:7      | Reached XP level 9. HP: 69/78 MP: 8/8
  5322 | D:7      | Reached skill level 1 in Stealth
  5628 | D:8      | Noticed a komodo dragon
  5641 | D:8      | Reached skill level 8 in Axes
  5665 | D:8      | Mangled by a komodo dragon

Illustrated notes

Levels and vault maps discovered:
D:1:      minmay_arrival_glassed_features, layout_basic, st_stairs_5,
          corexii_corridor_pit
D:2:      layout_loops_ring, nicolae_ecumenical_oubliette
D:3:      layout_loops_ring
D:4:      layout_basic, serial_curves, eino_curves_02, eino_curves_02,
          serial_shops, kennysheep_little_box
D:5:      kennysheep_slugbush, layout_loops_ring
D:6:      layout_cave_pools, gammafunk_ghost_necromancy
D:7:      layout_rooms, minmay_temple_entry_wispy, serial_shops, shop_fountains,
          grunt_ministairs_13, uniq_menkaure
D:8:      layout_cave_pools, nicolae_overflow_crystal_walls,
          grunt_lair_entry_orc_guard_hut, dk_noncrumbling_3

Skill      XL: |  1  2  3  4  5  6  7  8  9 |
---------------+----------------------------+-----
Axes           | 4 5 6 7 8 |  8.8
Fighting       | 4 5 6 7 |  7.8
Throwing       | 1 2 3 5 6 |  6.1
Armour         | 3 4 5 6 7 |  7.7
Dodging        | 3 4 5 |  5.9
Stealth        | 1 |  1.1

Action                     |  1- 3 |  4- 6 |  7- 9 || total
---------------------------+-------+-------+-------++-------
  Melee: Hand axe          |    71 |    54 |   156 ||   281
         Headbutt          |    17 |    11 |    37 ||    65
         Punch             |     1 |     1 |     3 ||     5
  Throw: Boomerang         |    25 |    44 |    30 ||    99
 Invoke: Berserk           |       |     1 |     6 ||     7
  Evoke: Wand              |       |       |     1 ||     1
    Use: Potion            |       |       |     3 ||     3
 Armour: Animal skin       |    11 |       |       ||    11
         Ring mail         |    27 |    53 |   121 ||   201
         Acid dragon scale |       |       |    22 ||    22
  Dodge: Dodged            |    44 |    24 |   116 ||   184
